cohdb
Replays
Latest Replays
All Replays
Popular Replays
Top Player Replays
Match Explorer
How It Works
Community
CoH3 Stats
Reddit
Sign in to upload your games and track your stats! →
Sign in with Steam
Match 45881905
Unlisted
Match 45881905
Overview
Messages
Build Orders
End
Construct Section Command Post
Selects Australian Defense Battlegroup
Dingo Light Scout Car
Dingo Light Scout Car
Selects Australian Light Infantry Section
Australian Light Infantry Section
Dingo Light Scout Car
Infantry Section
Construct Platoon Command Post
Selects CMP 15cwt Supply Run
CMP 15cwt Supply Run
Selects 2-pounder Anti-tank Gun Team
2-pounder Anti-tank Gun Team
Construct Field Infirmary
Construct Field Infirmary
dl5277
Abeli
wudi
lamasroman580
Medic#2
chovopan
aminsedgi
1047839220
0
0
Comments
sign in to comment!
No comments posted yet!